 Dungeon Crawl Stone Soup version 0.31-a0-1074-g0b22e4e0f1 (webtiles) character file.

Game seed: 9995518649574323169

180 Curundu the Shield-Bearer (level 5, -4/53 HPs)
             Began as a Troll Fighter on Dec 5, 2023.
             Engulfed by a cloud of flame (20 damage)
             ... on level 4 of the Dungeon on Dec 6, 2023.
             The game lasted 00:19:04 (2999 turns).

Curundu the Shield-Bearer (Troll Fighter)           Turns: 2999, Time: 00:19:04

Health: -4/53      AC:  4    Str: 24    XL:     5   Next: 33%
Magic:  4/4        EV: 14    Int:  4    God:
Gold:   149        SH:  9    Dex: 11    Spells: 4/4 levels left

rFire   . . .        a - +0 flail
rCold   . . .        c - +1 kite shield
rNeg    . . .        b - +0 robe
rPois   .            j - +0 hat
rElec   .            (no cloak)
rCorr   .            (gloves unavailable)
SInv    +            (boots unavailable)
Will    .....        (no amulet)
Stlth   +            p - +5 ring of evasion
HPRegen 1.08/turn    k - ring of see invisible
MPRegen 0.09/turn

%: no passive effects
@: no status effects
A: large, unfitting armour, claws 3, regeneration 1, shaggy fur 1, tough skin 1
a: no special abilities


You were on level 4 of the Dungeon.
You visited 1 branch of the dungeon, and saw 4 of its levels.

You collected 149 gold pieces.

Inventory:

Hand Weapons
 a - a +0 flail (weapon)
Missiles
 f - 2 poisoned darts
Armour
 b - a +0 robe (worn)
 c - a +1 kite shield (worn)
 j - a +0 hat (worn)
Jewellery
 g - a ring of protection from fire
 k - a ring of see invisible (right claw)
 p - a +5 ring of evasion (left claw)
Scrolls
 l - a scroll of identify {unknown}
 o - a scroll of revelation {unknown}
Potions
 d - a potion of might
 e - a potion of heal wounds {unknown}
 h - 4 potions of curing {unknown}
 i - a potion of enlightenment {unknown}
 m - a potion of brilliance {unknown}
 q - a potion of degeneration {unknown}


   Skills:
 + Level 3.0 Fighting
 + Level 3.3 Maces & Flails
 + Level 3.2 Dodging
 + Level 0.1 Stealth
 + Level 3.5 Shields


You had 4 spell levels left.
You didn't know any spells.
Your spell library contained the following spells:

 Spells                   Type           Power      Damage    Failure   Level
 Cigotuvi's Dreadful Rot  Necr/Pois/Air  0%         N/A       88%         2
 Ignite Poison            Fire/Tmut/Pois 0%         N/A       98%         3
 Inner Flame              Hex/Fire       0%         N/A       98%         3
 Freezing Cloud           Conj/Ice/Air   0%         6-21      100%        5
 Yara's Violent Unravell  Hex/Tmut       0%         3d3       100%        5
 Enfeeble                 Hex            0%         N/A       100%        7


Dungeon Overview and Level Annotations

Branches:
Dungeon (4/15)
 Temple: D:4-7

Altars:
Makhleb


Innate Abilities, Weirdness & Mutations

You are too large for most types of armour.
You have claws for hands.
Your natural rate of healing is unusually fast.
You are covered in fur. (AC +1)
You have tough skin. (AC +1)


Message History

You kill the dart slug!
q - a dark potion
Found 15 gold pieces.
Found a sling.
You now have 149 gold pieces (gained 15).
Found a club.
You see here a +0 club.
Found a stone staircase leading up.
You see here a +0 club.
Found a club.
You see here a +0 sling.
You see here a +0 sling.
You see here a +0 sling.
There is a stone staircase leading down here.
You climb downwards.
The ufetubus shouts!
You hear a shout!
Found a scroll labelled WUGUMP DACK.
There is a stone staircase leading up here.
As you read the scroll labelled WIFODE TUYM, it crumbles to dust.
The creatures around you are filled with an inner flame!
It was a scroll of immolation.
Unknown command.
The ufetubus hits you. x2; The ufetubus slips past you!
The ufetubus misses you. The ufetubus hits you.
A goblin comes into view. It is wielding a +0 dagger.
The ufetubus barely misses you. x2; The goblin unwields a +0 dagger.
The goblin wields a +0 sling.
The goblin shoots a sling bullet.
You block the sling bullet.
You miss the ufetubus.
The ufetubus misses you. x2; The ufetubus hits you.
You block the ufetubus's attack.
The goblin shoots a sling bullet.
The sling bullet barely misses you.
You hit the ufetubus.
Flame seeps out of the ufetubus.
The ufetubus is heavily wounded.
The ufetubus is engulfed in blazing flames.
The ufetubus explodes!
The fiery explosion engulfs you!!
Ouch! That really hurt!
An endoplasm comes into view.
You are engulfed in blazing flames.
You die...

.........
.......#
...... .
..... # ..
...##.# ...
.... ....
##§#### .....
#§@...#
......#§#§#.#
.......<..#
..§.§.#####
?.§§♣⌠ .J♣ §
. .. .. ###


There were no monsters in sight!

Vanquished Creatures
  A hound (D:2)
  5 adders
  An ufetubus (D:4)
  5 worms
  3 dart slugs
  An orc (D:3)
  4 ball pythons
  9 endoplasms
  6 giant cockroaches
  8 goblins
  6 hobgoblins
  7 kobolds
  2 quokkas
  7 bats
  5 frilled lizards
  8 rats
78 creatures vanquished.

Notes
Turn   | Place    | Note
-------+----------+-------------------------------------------
     0 | D:1      | Curundu the Troll Fighter began the quest for the Orb.
     0 | D:1      | Reached XP level 1. HP: 22/22 MP: 0/0
    96 | D:1      | Reached XP level 2. HP: 29/29 MP: 1/1
   453 | D:1      | Reached XP level 3. HP: 36/36 MP: 2/2
  1182 | D:2      | Found a faded altar of an unknown god.
  1347 | D:2      | Reached XP level 4. HP: 44/44 MP: 3/3
  1794 | D:2      | Reached XP level 5. HP: 52/52 MP: 4/4
  2303 | D:3      | Found a burning altar of Makhleb.
  2999 | D:4      | Engulfed by a cloud of flame

Illustrated notes

Levels and vault maps discovered:
D:1:      co_arrival_random_square_maze, layout_loops_ring
D:2:      layout_loops_ring, shapermc_ecumenical_altar_gd, minivault_27
D:3:      layout_basic, mainiacjoe_overflow_catwalk, serial_rivers,
          chequers_serial_rivers_micro_e, chequers_serial_rivers_micro_a,
          chequers_serial_rivers_small_a, chequers_serial_rivers_micro_a,
          minmay_strange_pillars
D:4:      layout_basic, zin_angel, nicolae_uskayaw_dance_hall, serial_demonic,
          serial_demonic_f, serial_demonic_b, serial_demonic_a,
          serial_demonic_e, serial_demonic_g, minmay_stone_trees_small

Skill      XL: |  1  2  3  4  5 |
---------------+----------------+-----
Maces & Flails | 2 3 |  3.3
Shields        | 3 |  3.5
Dodging        | 3 |  3.2
Fighting       | 3 |  3.0
Stealth        | |  0.1

Action                     |  1- 3 |  4- 6 || total
---------------------------+-------+-------++-------
  Melee: Flail             |   165 |   108 ||   273
    Use: Scroll            |     1 |     2 ||     3
   Stab: Sleeping          |       |     1 ||     1
 Armour: Robe              |   105 |    67 ||   172
  Dodge: Dodged            |    69 |    50 ||   119
  Block: Kite shield       |    80 |    59 ||   139

Table legend: (Time is in decaauts)
 A = Elapsed time spent in this place.
 B = Non-inter-level travel time spent in this place.
 C = Inter-level travel time spent in this place.
 D = Time resting spent in this place.
 E = Time spent auto-exploring this place.
 F = Levels seen in this place.
 G = Mean time per level.
                   A        B        C        D        E       F      G
               +--------+--------+--------+--------+--------+-----+--------+
         Total |   3104 |   3104 |      0 |    121 |      0 |   4 |  776.0 |
       Dungeon |   3104 |   3104 |      0 |    121 |      0 |   4 |  776.0 |
               +--------+--------+--------+--------+--------+-----+--------+

Top non-repeatable levels by time:
     D:2: 1248 daAuts
     D:1: 988 daAuts
     D:3: 861 daAuts
     D:4: 6 daAuts
